 Dungeon Crawl Stone Soup version 0.16.1-2-g95b8d4c (webtiles) character file.

129 magipi the Ruffian (level 4, 0/40 HPs)
             Began as a Troll Arcane Marksman on Mar 24, 2015.
             Slain by a worker ant (5 damage)
             ... on level 4 of the Dungeon.
             The game lasted 00:10:26 (2195 turns).

magipi the Ruffian (Troll Arcane Marksman)          Turns: 2195, Time: 00:10:27

Health: 0/40       AC:  5    Str: 19    XL:     4   Next: 88%
Magic:  3/3        EV: 15    Int:  9    God:
Gold:   120        SH:  0    Dex: 15    Spells: 1 memorised, 4 levels left

rFire  + . .     SeeInvis .       - Unarmed
rCold  . . .     Clarity  .     a - +0 robe
rNeg   . . .     SustAb   .     (shield restricted)
rPois  .         Gourm    +     (helmet restricted)
rElec  .         Spirit   .     (no cloak)
rCorr  .         Warding  .     (gloves unavailable)
rMut   .         Stasis   .     (boots unavailable)
MR     .....                    (no amulet)
Stlth  ++........               (no ring)
                                (no ring)

@: agile, lethally poisoned (0 -> -1), not resistant to hostile enchantments,
unstealthy
A: unfitting armour, claws 3, blurry vision 1, fire resistance 1, fast
metabolism 3, gourmand, regeneration 2, shaggy fur 1, spit poison 1, tough skin
2
a: Spit Poison


You were on level 4 of the Dungeon.
You were very full.

You visited 1 branch of the dungeon, and saw 4 of its levels.

You collected 120 gold pieces.

Inventory:

Missiles
 b - 4 large rocks (quivered)
 c - 2 throwing nets
 e - 9 poisoned needles
 g - 6 tomahawks
 s - 3 stones
Armour
 a - a +0 robe (worn)
Jewellery
 i - a +6 ring of intelligence {unknown}
 v - a +3 ring of intelligence {unknown}
Scrolls
 h - a scroll of blinking {unknown}
 j - 2 scrolls of identify {unknown}
 k - a scroll of enchant armour {unknown}
 l - a scroll of random uselessness {unknown}
 o - 5 scrolls of remove curse {unknown}
Potions
 m - a potion of agility
 p - a potion of flight {unknown}
 q - a potion of restore abilities {unknown}
 t - a potion of mutation
 w - a potion of brilliance {unknown}
Books
 d - a book of Debilitation

   Spells                             Type                      Level
   a - Corona                         Hexes                        1
   b - Slow                           Hexes                        2
   c - Inner Flame                    Hexes/Fire                   3
   d - Enslavement                    Hexes                        4
   e - Cause Fear                     Hexes                        4
   f - Leda's Liquefaction            Hexes/Earth                  4
 n - a book of Summonings

   Spells                             Type                      Level
   a - Abjuration                     Summoning                    3
   b - Recall                         Summoning/Translocation      3
   c - Shadow Creatures               Summoning                    5
   d - Summon Demon                   Summoning                    5
   e - Summon Forest                  Summoning/Translocation      5
   f - Monstrous Menagerie            Summoning                    6
Comestibles
 f - 4 meat rations
 r - a slice of pizza
 u - 4 chunks of flesh


   Skills:
 - Level 0.7 Fighting
 - Level 2.1 Throwing
 - Level 1.5 Dodging
 * Level 4.4 Unarmed Combat
 - Level 1.0 Spellcasting
 - Level 2.0 Hexes


You had 4 spell levels left.
You knew the following spells:

 Your Spells              Type           Power        Failure   Level  Hunger
a - Corona                Hex            #......      17%         1    ##.....


Dungeon Overview and Level Annotations

Branches:
Dungeon (4/15)
 Temple: D:4-7

Altars:
Gozag

Annotations:
D:3 Robin


Innate Abilities, Weirdness & Mutations

You are too large for most types of armour.
You have claws for hands.
Your metabolism is lightning-fast.
You like to eat raw meat.
You heal very quickly.
You are covered in fur (AC +1).
You have very tough skin (AC +2).
Scrolls take you a little longer to read.
Your flesh is heat resistant.
You can spit poison.

Vault maps used:
D:1:      dpeg_arrival_houses_and_road
D:2:      overflow_temple_1_default, st_stairs_13, serial_bayou_lagoon_a,
          minmay_misc_feat_x
D:3:      serial_park_square1, first_bread, uniq_robin
D:4:      lemuel_coloured_pillars_altar, kennysheep_vampire_church,
          minmay_misc_feat_diagonals, uniq_eustachio, uniq_grinder


Message History

You kill the orc!
Things that are here:
a flail; a ring mail; an orc corpse You butcher the orc corpse.
u - 5 chunks of flesh (gained 4)
Things that are here:
a flail; a ring mail Eat one of 5 chunks of flesh? (ye/n/q/i?) This raw flesh tastes great.
You continue eating. x2
You start resting.
HP restored.
There is a stone staircase leading up here.
w - a green potion You open the door.
There is an open door here.
You open the door.
There is an open door here.
Found 18 bolts.
Found 13 gold pieces.
Shadows whirl around you...
There is a dormant shadow trap here.
The scorpion stings you. The phantom closely misses you.
Unknown command.
The scorpion stings you.
You open the door. The adder closely misses you.
The scorpion completely misses you.
A worker ant and a kobold come into view.
The kobold shouts!
The adder bites you but does no damage. The scorpion stings you.
You are poisoned.
The scorpion poisons you!
There is an open door here.
You feel sick.
The worker ant twitches its antennae in your direction.
You feel sick.
You feel sick. The kobold barely misses you.
You feel sick. The adder bites you but does no damage.
You feel sick. The worker ant barely misses you.
You feel sick. The worker ant barely misses you. The adder closely misses you.
You feel sick.
The phantom blinks!
You feel sick. The adder bites you but does no damage.
Found a hardcover book.
A bat comes into view.
The phantom blinks!
The worker ant bites you.
You feel sick. The bat closely misses you.
The adder bites you but does no damage.
You scratch the bat!
You kill the bat!
You feel sick. The worker ant misses you. The adder bites you.
You are more poisoned.
The adder poisons you!
You feel sick.
You feel sick. The worker ant barely misses you.
You closely miss the worker ant. You claw the worker ant.
The worker ant is lightly wounded.
You feel sick. The worker ant bites you.
You scratch the worker ant.
The worker ant is lightly wounded.
The worker ant closely misses you.
You closely miss the worker ant. Your claw misses the worker ant.
The worker ant is lightly wounded.
The worker ant closely misses you.
Unknown command.
You barely miss the worker ant.
The worker ant is lightly wounded.
You feel sick. The worker ant bites you.
You are more poisoned.
The worker ant poisons you!
You barely miss the worker ant.
The worker ant is lightly wounded.
You feel sick. The worker ant barely misses you.
You scratch the worker ant but do no damage.
The worker ant is lightly wounded.
The worker ant bites you.
You barely miss the worker ant.
The worker ant is lightly wounded.
You feel sick.
The worker ant bites you but does no damage.
You scratch the worker ant.
The worker ant is lightly wounded.
You feel sick. The worker ant barely misses you.
Drink which item? (? for menu, Esc to quit)
It was a potion of agility.
You feel agile all of a sudden. The worker ant closely misses you.
The worker ant bites you.
* * * LOW HITPOINT WARNING * * *
Drink which item? (? for menu, Esc to quit)
It was a potion of mutation.
You feel extremely strange.
Your vision blurs.
You feel resistant to heat.
There is a nasty taste in your mouth for a moment.
You feel sick. The worker ant bites you.
* * * LOW HITPOINT WARNING * * *
You scratch the worker ant.
The worker ant is moderately wounded.
The worker ant bites you.
You die...

# #.##########
#..@aSK#...#
######s....#....
#..........
####..##.#....
#...W....:...
#........##.
#...........
#....##.#.##
#.........#


You could see a scorpion, a worker ant, an adder and a kobold.

Table legend:
 A = Kills in this place as a percentage of kills in entire the game.
 B = Kills by you in this place as a percentage of kills by you in the entire game.
 C = Kills by friends in this place as a percentage of kills by friends in the entire game.
 D = Other kills in this place as a percentage of other kills in the entire game.
 E = Experience gained in this place as a percentage of experience gained in the entire game.
 F = Experience gained in this place divided by the number of levels of this place that you have seen.
                   A       B       C       D       E      F
               +-------+-------+-------+-------+-------+----------------------
         Total | 100.0 | 100.0 |  -nan |  -nan | 100.0 |  46.2
       Dungeon | 100.0 | 100.0 |  -nan |  -nan | 100.0 |  46.2
               +-------+-------+-------+-------+-------+----------------------

Vanquished Creatures
  An orc wizard (D:3)
  An adder (D:2)
  A worm (D:2)
  A giant gecko (D:1)
  An ooze (D:2)
  4 orcs
  A ball python (D:1)
  13 bats
  3 giant cockroaches (D:1)
  12 hobgoblins
  7 kobolds
  A quokka (D:2)
  4 giant newts
  13 goblins
  7 jackals
  7 rats
77 creatures vanquished.

Notes
Turn   | Place    | Note
--------------------------------------------------------------
     0 | D:1      | magipi, the Troll Arcane Marksman, began the quest for the Orb.
     0 | D:1      | Reached XP level 1. HP: 18/18 MP: 2/2
   250 | D:1      | Reached skill level 1 in Unarmed Combat
   341 | D:1      | Reached XP level 2. HP: 26/26 MP: 2/2
   818 | D:2      | Reached XP level 3. HP: 32/32 MP: 3/3
  1000 | D:2      | Found an opulent altar of Gozag.
  1174 | D:2      | Reached skill level 3 in Unarmed Combat
  1691 | D:3      | Reached XP level 4. HP: 37/40 MP: 3/3
  2032 | D:3      | Reached skill level 4 in Unarmed Combat
  2036 | D:3      | Noticed Robin
  2162 | D:4      | Noticed a phantom
  2194 | D:4      | Gained mutation: Scrolls take you a little longer to read. [potion of mutation]
  2194 | D:4      | Gained mutation: Your flesh is heat resistant. [potion of mutation]
  2194 | D:4      | Gained mutation: You can spit poison. [potion of mutation]
  2195 | D:4      | Slain by a worker ant

Action                   |  1- 3 |  4- 6 || total
-------------------------+-------+-------++-------
Melee: Unarmed           |   129 |    84 ||   213
  Use: Potion            |       |     2 ||     2
  Eat: Chunk             |    19 |     6 ||    25

Action                   |  1- 3 |  4- 6 || total
-------------------------+-------+-------++-------
Melee: Unarmed           |   129 |    84 ||   213
  Use: Potion            |       |     2 ||     2
  Eat: Chunk             |    19 |     6 ||    25

Action                   |  1- 3 |  4- 6 || total
-------------------------+-------+-------++-------
Melee: Unarmed           |   129 |    84 ||   213
  Use: Potion            |       |     2 ||     2
  Eat: Chunk             |    19 |     6 ||    25
